 Dungeon Crawl Stone Soup version 0.30-a0-779-g7971cf19c3 (webtiles) character file.

Game seed: 7323136929271445959

779 dialectric the Covered (level 7, 0/44 HPs)
             Began as a Gargoyle Fighter on Feb 17, 2023.
             Was an Initiate of the Shining One.
             Slain by a gnoll sergeant
             ... wielding a +0 trident
              (1 damage)
             ... on level 6 of the Dungeon.
             The game lasted 00:06:30 (4239 turns).

dialectric the Covered (Gargoyle Fighter)           Turns: 4239, Time: 00:06:30

Health: 0/44       AC: 13    Str: 19    XL:     7   Next: 85%
Magic:  7/7        EV: 10    Int:  9    God:    the Shining One [......]
Gold:   266        SH:  0    Dex: 11    Spells: 6/6 levels left

rFire   . . .      SeeInvis .    a - +0 long sword
rCold   . . .      Faith    .    (no shield)
rNeg    + . .      Spirit   .    b - +1 scale mail
rPois   ∞          Reflect  .    (no helmet)
rElec   +          Harm     .    f - scarf {shadows}
rCorr   .          Rampage  .    (no gloves)
Will    .....                    (no boots) Stlth
                                 (no amulet)
HPRegen 0.27/turn                (no ring)
MPRegen 0.10/turn                (no ring)

@: glowing
A: sickness immunity, AC +4, negative energy resistance 1, electricity
resistance, torment resistance 1, petrification resistance
a: Renounce Religion


You were on level 6 of the Dungeon.
You worshipped the Shining One.
The Shining One was noncommittal.
You visited 1 branch of the dungeon, and saw 6 of its levels.
You also visited: Sewer.

You collected 266 gold pieces.

Inventory:

Hand Weapons
 a - a +0 long sword (weapon)
 j - a +2 dagger of venom
Missiles
 u - 10 javelins (quivered)
Armour
 b - a +1 scale mail (worn)
 c - a +0 buckler
 f - a scarf of shadows (worn)
Jewellery
 k - a +6 ring of intelligence
 x - an amulet of the acrobat
Wands
 C - a wand of flame (21)
Scrolls
 e - 2 scrolls of enchant armour
 g - 9 scrolls of identify
 h - 2 scrolls of enchant weapon {unknown}
 m - a scroll of poison {unknown}
 n - a scroll of noise
 r - 2 scrolls of teleportation
 t - 3 scrolls of vulnerability {unknown}
 v - a scroll of amnesia {unknown}
 y - a scroll of fog {unknown}
 B - a scroll of blinking {unknown}
Potions
 d - 3 potions of might
 i - 3 potions of degeneration
 l - 3 potions of lignification
 o - a potion of curing {unknown}
 p - 2 potions of heal wounds
 q - 2 potions of magic {unknown}
 s - 5 potions of attraction {unknown}
 w - a potion of flight
 z - a potion of ambrosia {unknown}
 A - a potion of mutation {unknown}
 D - a potion of berserk rage {unknown}


   Skills:
 + Level 4.5 Fighting
 + Level 2.7(4.2) Short Blades
 * Level 5.0(5.3) Long Blades
 + Level 5.8 Armour
 * Level 1.7 Dodging
 - Level 3.2 Shields


You had 6 spell levels left.
You didn't know any spells.
Your spell library contained the following spells:

 Spells                   Type           Power      Damage    Failure   Level
 Tukima's Dance           Hex            0%         N/A       98%         3
 Vhi's Electric Charge    Tloc/Air       0%         N/A       98%         3
 Passage of Golubria      Tloc           0%         N/A       100%        4
 Petrify                  Tmut/Erth      0%         N/A       100%        4
 Arcjolt                  Conj/Air       0%         1d10      100%        5
 Metabolic Englaciation   Hex/Ice        0%         N/A       100%        5
 Yara's Violent Unravell  Hex/Tmut       0%         3d3       100%        5
 Maxwell's Capacitive Co  Air            0%         ∞         100%        8
 Statue Form              Tmut/Erth      Unusable   N/A       N/A         6

Dungeon Overview and Level Annotations

Branches:
Dungeon (6/15)             Temple (0/1) D:4           Sewer (visited)

Altars:
Dithmenos
Elyvilon
Okawaru
Trog
Zin
The Shining One


Innate Abilities, Weirdness & Mutations

You are immune to sickness and miasma.
Your stone body is resilient. (AC +4)
You are immune to poison.
You resist negative energy. (rN+)
You are resistant to electric shocks. (rElec)
You are resistant to unholy torment.
You are immune to petrification.


Message History

You hit the gnoll sergeant but do no damage.
The gnoll sergeant is lightly wounded.
The gnoll sergeant hits you with a +0 trident.
You hit the gnoll sergeant.
The gnoll sergeant is moderately wounded.
The gnoll sergeant hits you but does no damage.
You barely miss the gnoll sergeant.
The gnoll sergeant is moderately wounded.
The gnoll sergeant hits you with a +0 trident!
The gnoll sergeant hits you with a +0 trident.
You hit the gnoll sergeant.
The gnoll sergeant is moderately wounded.
The gnoll sergeant hits you with a +0 trident.
You closely miss the gnoll sergeant.
The gnoll sergeant is moderately wounded.
The gnoll sergeant closely misses you.
You hit the gnoll sergeant but do no damage.
The gnoll sergeant is moderately wounded.
The gnoll sergeant hits you with a +0 trident.
You barely miss the gnoll sergeant.
The gnoll sergeant is moderately wounded.
The gnoll sergeant barely misses you.
You hit the gnoll sergeant.
The gnoll sergeant is moderately wounded.
The gnoll sergeant barely misses you.
You hit the gnoll sergeant.
The gnoll sergeant is moderately wounded.
The gnoll sergeant hits you with a +0 trident!
* * * LOW HITPOINT WARNING * * *
You hit the gnoll sergeant but do no damage.
The gnoll sergeant is moderately wounded.
The gnoll sergeant hits you but does no damage.
You hit the gnoll sergeant.
The gnoll sergeant is heavily wounded.
The gnoll sergeant hits you with a +0 trident!
* * * LOW HITPOINT WARNING * * *
You hit the gnoll sergeant.
The gnoll sergeant is severely wounded.
The gnoll sergeant hits you with a +0 trident.
You die...

#############
#######.......@gg.#
.........########.#
#.#####..# #.# #..# #.#
#..########g###
#<............#
##.#####....>..#
#...####..#..#....
.####.........#..###...


You could see a gnoll sergeant and a gnoll.

Vanquished Creatures
  Sigmund (D:3)
  A bullfrog (D:6)
  3 scorpions
  2 hounds (D:6)
  2 iguanas
  8 gnolls
  3 river rats
  7 adders
  A white imp (D:5)
  An ufetubus (D:4)
  A worm (D:3)
  3 dart slugs
  2 orcs
  6 ball pythons
  3 bats (D:2)
  5 endoplasms
  6 giant cockroaches
  8 goblins
  5 hobgoblins
  3 jackals (D:1)
  3 quokkas
  7 frilled lizards
  2 kobolds
  12 rats
95 creatures vanquished.

Notes
Turn   | Place    | Note
-------+----------+-------------------------------------------
     0 | D:1      | dialectric the Gargoyle Fighter began the quest for the
                  | Orb.
     0 | D:1      | Reached XP level 1. HP: 14/14 MP: 1/1
   257 | D:1      | Reached XP level 2. HP: 11/19 MP: 2/2
  1075 | D:2      | Reached XP level 3. HP: 23/23 MP: 3/3
  1321 | D:2      | Found a shadowy altar of Dithmenos.
  1568 | D:3      | Noticed Sigmund
  1584 | D:3      | Killed Sigmund
  1585 | D:3      | Reached skill level 1 in Short Blades
  1585 | D:3      | Reached XP level 4. HP: 29/29 MP: 4/4
  1585 | D:3      | Reached XP level 5. HP: 33/33 MP: 5/5
  1829 | D:2      | Reached XP level 6. HP: 17/38 MP: 6/6
  1982 | D:3      | Found a glowing golden altar of the Shining One.
  1982 | D:3      | Found a white marble altar of Elyvilon.
  1982 | D:3      | Found a glowing silver altar of Zin.
  2029 | D:3      | Identified the +1 dagger of Doom {drain, Int+3}
  2178 | D:3      | Found a glowing drain.
  2184 | Sewer    | Entered a sewer
  2195 | Sewer    | Reached skill level 5 in Armour
  2765 | D:3      | Became a worshipper of the Shining One
  3136 | D:4      | Found a staircase to the Ecumenical Temple.
  3370 | D:4      | Reached skill level 1 in Dodging
  3454 | D:5      | Entered Level 5 of the Dungeon
  3500 | D:4      | Reached XP level 7. HP: 3/43 MP: 7/7
  3878 | D:5      | Found an iron altar of Okawaru.
  3878 | D:5      | Found a bloodstained altar of Trog.
  4224 | D:6      | Reached skill level 5 in Long Blades
  4238 | D:6      | HP: 1/44 [gnoll sergeant/+0 trident (9)]
  4239 | D:6      | Slain by a gnoll sergeant

Illustrated notes

Levels and vault maps discovered:
D:1:      grunt_arrival_lava_bath, layout_basic
D:2:      layout_rooms, basic_altar, chequers_decorated_corner
D:3:      layout_rooms, dreamdust_divine_triumvirate, gup_sewer_entry_bubbles,
          uniq_sigmund
D:4:      layout_rooms, temple_fountains
D:5:      layout_basic, grunt_temple_overflow_bloody_war,
          mainiacjoe_overflow_cross_hatched, nicolae_uskayaw_en_pointe,
          glass_columns_a
D:6:      layout_loops_ring, nicolae_wu_jian_wuxing_cycle

Skill      XL: |  1  2  3  4  5  6  7 |
---------------+----------------------+-----
Long Blades    | 2 3 5 |  5.0
Fighting       | 4 |  4.5
Short Blades   | 1 2 |  2.7
Armour         | 4 5 |  5.8
Dodging        | 1 |  1.7
Shields        | |  3.2

Action                     |  1- 3 |  4- 6 |  7- 9 || total
---------------------------+-------+-------+-------++-------
  Melee: Long sword        |    42 |    68 |   118 ||   228
         Dagger            |    61 |   148 |       ||   209
         Punch             |       |     4 |     2 ||     6
  Throw: Dart              |       |     3 |       ||     3
         Javelin           |       |     2 |       ||     2
    Use: Potion            |     3 |       |     1 ||     4
         Scroll            |       |     6 |       ||     6
 Armour: Scale mail        |    77 |   119 |    89 ||   285
         Skin              |     1 |       |       ||     1
  Dodge: Dodged            |    62 |    98 |    92 ||   252

Table legend: (Time is in decaauts)
 A = Elapsed time spent in this place.
 B = Non-inter-level travel time spent in this place.
 C = Inter-level travel time spent in this place.
 D = Time resting spent in this place.
 E = Time spent auto-exploring this place.
 F = Levels seen in this place.
 G = Mean time per level.
                   A        B        C        D        E       F      G
               +--------+--------+--------+--------+--------+-----+--------+
         Total |   4371 |   4258 |    113 |    331 |   2684 |   7 |  624.4 |
       Dungeon |   3862 |   3749 |    113 |    331 |   2435 |   6 |  643.7 |
         Sewer |    509 |    509 |      0 |      0 |    249 |   1 |  509.0 |
               +--------+--------+--------+--------+--------+-----+--------+

Top non-repeatable levels by time:
     D:1: 966 daAuts
     D:4: 861 daAuts
     D:3: 742 daAuts
     D:2: 665 daAuts
   Sewer: 509 daAuts
     D:5: 330 daAuts
     D:6: 296 daAuts
